 Dungeon Crawl Stone Soup version 0.29.1-13-g9f3cf754e1 (webtiles) character file.

Game seed: 14426344072176391940

86 croobank the Sneak (level 4, 0/45 (49) HPs)
             Began as an Octopode Delver on Jan 19, 2023.
             Slain by a kobold
             ... wielding a +0 dagger
              (2 damage)
             ... on level 2 of the Dungeon.
             The game lasted 00:13:11 (3716 turns).

croobank the Sneak (Octopode Delver)                Turns: 3716, Time: 00:13:12

HP:   0/45 (49)     AC: 22    Str: 10    XL:     4   Next: 50%
MP:   4/4           EV:  2    Int: 18    God:
Gold: 229           SH:  0    Dex: 12    Spells: 3/3 levels left

rFire   . . .      SeeInvis +   a - +0 hand axe
rCold   . . .      Faith    .   (no shield)
rNeg    . . .      Spirit   .   (helmet currently unavailable)
rPois   +          Reflect  .   i - amulet of the acrobat
rElec   .          Harm     .   (no ring)
rCorr   .          Rampage  .   (no ring)
Will    .....      NoTele   +   (no ring)
Stlth   +++.......              (no ring)
HPRegen 0.15/turn               (no ring)
MPRegen 0.09/turn               (no ring)
                                (no ring)
                                (no ring)

@: tree-form, drained
A: stationary, stasis, torment immunity, boosted hp, almost no armour,
(amphibious), 8 rings, (camouflage 1), (gelatinous body 1), (nimble swimmer 1),
(tentacles), see invisible, clever 1, (cold resistance 1), subdued magic 1,
inability to read after injury 1
a: no special abilities


You were on level 2 of the Dungeon.
You were a tree.
You visited 2 branches of the dungeon, and saw 7 of its levels.

You collected 229 gold pieces.

Inventory:

Hand Weapons
 a - a +0 hand axe (weapon)
 c - a +0 short sword
 f - a +0 dagger
 g - a +0 sling
 v - a +1 vampiric short sword
Armour
 j - a +1 buckler
Jewellery
 i - an amulet of the acrobat (around neck)
Scrolls
 b - a scroll of fog
 h - a scroll of immolation {unknown}
 k - 3 scrolls of identify {unknown}
 m - 3 scrolls of noise {unknown}
 n - a scroll of teleportation {unknown}
 p - 3 scrolls of amnesia {unknown}
 q - a scroll of blinking {unknown}
 r - a scroll of vulnerability {unknown}
 t - a scroll of poison {unknown}
 u - a scroll of fear
 w - a scroll of torment {unknown}
Potions
 e - a potion of cancellation {unknown}
 l - 2 potions of heal wounds {unknown}
 o - a potion of magic {unknown}
 s - 2 potions of flight {unknown}


   Skills:
 + Level 3.6 Fighting
 + Level 2.8 Axes
 + Level 2.8 Dodging
 + Level 7.2 Stealth


You had 3 spell levels left.
You didn't know any spells.
Your spell library was empty.

Dungeon Overview and Level Annotations

Branches:
Dungeon (6/15)             Temple (1/1) D:6

Altars:
Ashenzari
Cheibriados
Dithmenos
Elyvilon
Fedhas
Gozag
Kikubaaqudgha
Makhleb
Okawaru
Qazlal
Ru
Sif Muna
Trog
Uskayaw
Wu Jian
Xom
Yredelemnul
The Shining One

Annotations:
D:2 Terence


Innate Abilities, Weirdness & Mutations

You are a tree.
Your roots penetrate the ground, keeping you stationary.
You cannot be teleported.
You are immune to unholy pain and torment.
Your maximum health is greatly increased.
You cannot wear most types of armour.
((You are amphibious.))
You can wear up to eight rings at the same time.
((Your skin changes colour to match your surroundings (Stealth+).))
((Your rubbery body absorbs attacks. (AC +1, EV +1)))
((You are camouflaged when in or above water. (Stealth+)))
((You have tentacles for arms and can constrict up to eight enemies at once.))
You have supernaturally acute eyesight. (SInv)
Your mind is acute. (Int +4, Str/Dex -1)
((Your flesh is cold resistant. (rC+)))
Your spells are a little easier to cast, but a little less powerful.
You occasionally lose the ability to read scrolls when taking damage.


Message History

Things that are here:
a +0 dagger; a +0 club; a kobold corpse
There is an open door here.
You see here a +0 short sword.
Things that are here:
a +0 leather armour; a +0 short sword
There is a stone staircase leading down here.
You see here a +0 dagger.
Partly explored, can't reach some places.
(D) Dungeon (T) Temple
Where to? (Enter - D:2, ? - help)
Things that are here:
a +0 hand axe; a +0 leather armour
There is a stone staircase leading down here.
You climb downwards.
The orc misses you.
The orc wizard hits you with a +0 dagger.
The orc hits you with a +2 mace of draining!
You feel drained.
There is a stone staircase leading up, spattered with blood here.
The kobold hits you with a +0 dagger.
The orc hits you with a +2 mace of draining.
You feel drained.
* * * LOW HITPOINT WARNING * * *
The orc wizard gestures wildly while chanting.
The orc wizard flickers and vanishes for a moment.
You climb upwards.
Level annotation: Terence
There is a stone staircase leading down here.
The orc attacks as you move away!
The orc hits you with a +2 mace of draining.
* * * LOW HITPOINT WARNING * * *
You feel drained. The kobold hits you with a +0 dagger.
You feel threatened and lose the ability to read scrolls!
* * * LOW HITPOINT WARNING * * *
It was a potion of lignification.
You turn into a tree.
Your roots penetrate the ground.
You can read scrolls again.
The orc wizard hits you but does no damage.
The kobold hits you with a +0 dagger.
You die...

#.##.................##........
###.##############.....##.####'##
................##..............#
###.###########.#####.#....###...
# #.................#..)...# ##.#
##########..###.###.#.....## #.#
..................#.###...#####.#
###########.#.#)#......<.........
#.......#.#K♣.##########.##.#
#.#.#.###.#o#.#......[.......
###'#.#.#...)...#.#####.###....
#.....#.#.#.#...#.# #........
#.......#.#.#.....# ###........
#....####.#.###..####...###<...
###+#.........#.........+....##
#.......#.########....###..##
###.....#.#<....#.......#..#


You could see an orc wizard (invisible) and a kobold.

Vanquished Creatures
  2 adders
  2 worms (D:2)
  A dart slug (D:5)
  An orc (D:2)
  3 endoplasms
  3 giant cockroaches
  5 goblins
  3 hobgoblins
  5 jackals
  4 quokkas
  5 ball pythons
  A bat (D:2)
  16 kobolds
  3 rats
54 creatures vanquished.

Vanquished Creatures (others)
  6 fungi
  5 plants (D:1)
11 creatures vanquished.

Grand Total: 65 creatures vanquished

Notes
Turn   | Place    | Note
-------+----------+-------------------------------------------
     0 | D:5      | croobank the Octopode Delver began the quest for the Orb.
     0 | D:5      | Reached XP level 1. HP: 16/16 MP: 1/1
    34 | D:6      | Found a staircase to the Ecumenical Temple.
    43 | Temple   | Entered the Ecumenical Temple
   115 | D:5      | Noticed an ice beast
   297 | D:5      | Noticed a scorpion
   351 | D:4      | Gained mutation: Your spells are a little easier to cast,
                  | but a little less powerful. [potion of mutation]
   351 | D:4      | Gained mutation: You occasionally lose the ability to read
                  | scrolls when taking damage. [potion of mutation]
   351 | D:4      | Gained mutation: Your skin blends seamlessly with your
                  | surroundings (Stealth++). [potion of mutation]
   770 | D:3      | Reached XP level 2. HP: 10/21 MP: 2/2
   790 | D:3      | Lost mutation: Your skin blends seamlessly with your
                  | surroundings (Stealth++). [potion of mutation]
   790 | D:3      | Lost mutation: You occasionally lose the ability to read
                  | scrolls when taking damage. [potion of mutation]
   790 | D:3      | Gained mutation: You have hidden genetic potential. [potion
                  | of mutation]
   790 | D:3      | Gained mutation: You occasionally lose the ability to read
                  | scrolls when taking damage. [potion of mutation]
   790 | D:3      | Gained mutation: Your mind is acute. (Int +4, Str/Dex -1)
                  | [potion of mutation]
  1277 | D:3      | Reached XP level 3. HP: 26/26 MP: 3/3
  1561 | D:4      | Reached skill level 7 in Stealth
  1581 | D:4      | Gained mutation: Your flesh is cold resistant. (rC+)
                  | [hidden potential]
  1609 | D:3      | Found a shimmering altar of Xom.
  1944 | D:2      | Reached XP level 4. HP: 20/31 MP: 4/4
  2209 | D:1      | Found a faded altar of an unknown god.
  2978 | D:2      | Gained mutation: You have supernaturally acute eyesight.
                  | (SInv) [hidden potential]
  2978 | D:2      | Lost mutation: You have hidden genetic potential. [hidden
                  | potential expressed]
  3138 | D:2      | Noticed Terence
  3715 | D:2      | HP: 1/30 [kobold/+0 dagger (4)]
  3716 | D:2      | Slain by a kobold

Illustrated notes

Levels and vault maps discovered:
D:1:      amcnicky_arrival_blooded_trapdoor, layout_basic,
          shapermc_ecumenical_altar_hornbeckon
D:2:      layout_basic, minmay_goblin_kobold_house, uniq_terence
D:3:      layout_basic, mainiacjoe_overflow_chevrons, minmay_door_square,
          chequers_jeans
D:4:      layout_gridville, overflow_temple_1_default, kennysheep_small_square
D:5:      layout_basic
D:6:      layout_basic, minmay_temple_entry_arrows, minivault_22,
          minmay_misc_feat_alley, nicolae_take_the_stairs
Temple:   sentei_temple_godly_chess

Skill      XL: |  1  2  3 |
---------------+----------+-----
Stealth        | 7 |  7.2
Fighting       | |  3.6
Axes           | |  2.8
Dodging        | |  2.8

Action                   |  1- 3 |  4- 6 || total
-------------------------+-------+-------++-------
Melee: Hand axe          |    66 |    44 ||   110
       Constrict         |    20 |    11 ||    31
       Tentacles         |    13 |     9 ||    22
Evoke: Wand              |     3 |       ||     3
  Use: Potion            |     3 |     1 ||     4
       Scroll            |     3 |       ||     3
 Stab: Sleeping          |    10 |     5 ||    15
Armor: Skin              |     1 |     4 ||     5
Dodge: Dodged            |    41 |    28 ||    69
